AoeStats
← So sad

Oasis

508267815Analyzed
3v3 RM · 10d ago on Sep 21, 2026· 15m 2s· 6 players
Game mode
Random Map
Map size
Normal (6 player)
Population
200
Speed
Normal
Resources
Standard
Victory
Conquest
Starting age
Dark Age
Ending age
Imperial Age
RankedLock teamsTeams togetherTeam positionsShared explorationLock speedFull tech treeHidden civsTurbo modeCheats
Victory
Defeat
🇳🇱 Aztecs · Netherlands
1375
+17
🇳🇱 Inca · Netherlands
1365
+18
🇺🇸 Lithuanians · United States
1331
+20
🇺🇦 Italians · Ukraine
1413
-19
🇧🇾 Shu · Belarus
1401
-18
🇧🇾 Franks · Belarus
1393
-18
Kroket Ketchup
11:25 Feudal Age
JochemMeneer
9:14 Loom
12:06 Feudal Age
14:02 Horse Collar
14:54 Forging
14:46 Scale Mail Armor
Hamstring Cramp
3:05 Loom
12:56 Feudal Age
16:48 Castle Age
15:00 Double-Bit Axe
14:57 Horse Collar
NiL
5:33 Loom
9:07 Feudal Age
9:43 Horse Collar
17:02 Castle Age
HURMA
4:52 Loom
10:38 Feudal Age
11:04 Horse Collar
So sad
9:09 Loom
12:30 Feudal Age
Connection lost

Rejoining the realm…

Still unreachable

The connection could not be restored.

Session expired

The server has moved on; the page needs a fresh start.